AoeStats
← chartotu19

Black Forest

507200595Analyzed
3v3 RM · 15d ago on Sep 17, 2026· 53m 25s· 6 players
Game mode
Random Map
Map size
Normal (6 player)
Population
200
Speed
Normal
Resources
Standard
Victory
Conquest
Starting age
Dark Age
Ending age
Imperial Age
RankedLock teamsTeams togetherTeam positionsShared explorationLock speedFull tech treeHidden civsTurbo modeCheats
Victory
Defeat
🇺🇸 Celts · United States
878
+8
🇺🇸 Burgundians · United States
831
+10
🇨🇳 Britons · China
762
+13
🇨🇦 Mongols · Canada
720
-11
🇨🇦 Spanish · Canada
709
-11
🇨🇦 Franks · Canada
643
-9
Khan Noonien Smith
1:04 Loom
13:03 Feudal Age
13:32 Horse Collar
18:03 Double-Bit Axe
22:06 Castle Age
23:34 Heavy Plow
23:55 Fletching
25:29 Bow Saw
25:39 Gold Mining
27:49 Town Watch
30:19 Wheelbarrow
30:19 Caravan
30:30 Stone Mining
31:32 Hand Cart
33:29 Gold Shaft Mining
36:30 Imperial Age
34:17 Murder Holes
34:44 Ballistics
36:11 Man-at-Arms
36:37 Gambesons
37:36 Conscription
37:38 Capped Ram
37:46 Long Swordsman
37:59 Onager
38:27 Siege Ram
38:36 Pikeman
39:34 Halberdier
40:23 Two-Handed Swordsman
41:23 Heavy Scorpion
43:27 Furor Celtica
44:39 Siege Engineers
44:24 Champion
44:50 Arson
45:30 Bodkin Arrow
47:23 Chemistry
46:36 Siege Onager
53:08 Forging
52:58 Scale Mail Armor
53:04 Scale Barding Armor
53:00 Padded Archer Armor
Imported Heineken™ ★
0:26 Loom
13:11 Feudal Age
14:24 Wheelbarrow
13:54 Double-Bit Axe
17:59 Fishing Lines
19:00 Bow Saw
23:54 Castle Age
22:16 Gillnets
24:57 Hand Cart
24:30 Town Watch
32:56 Husbandry
32:17 Cavalier
35:20 Two-Man Saw
34:04 Horse Collar
34:00 Light Cavalry
35:10 Herbal Medicine
37:50 Imperial Age
37:35 Heavy Plow
38:09 Burgundian Vineyards
39:28 Paladin
39:29 Hussar
40:50 Conscription
42:41 Town Patrol
45:11 Forging
45:01 Scale Mail Armor
45:06 Scale Barding Armor
44:52 Fletching
45:02 Padded Archer Armor
45:06 Gold Mining
45:06 Stone Mining
44:48 Capped Ram
46:23 Caravan
46:54 Coinage
46:34 Guilds
53:19 Man-at-Arms
53:20 Pikeman
54:01 Squires
53:46 Arson
你们采9朵莲
12:18 Feudal Age
12:57 Double-Bit Axe
13:18 Horse Collar
15:35 Wheelbarrow
23:05 Castle Age
21:54 Gold Mining
22:13 Stone Mining
22:50 Fletching
24:02 Bow Saw
23:55 Heavy Plow
29:02 Crossbowman
31:07 Forging
32:16 Husbandry
33:19 Pikeman
33:58 Elite Skirmisher
36:28 Gold Shaft Mining
35:55 Bodkin Arrow
40:49 Hand Cart
41:02 Ballistics
43:30 Imperial Age
40:51 Town Watch
42:41 Squires
42:26 Arson
44:50 Squires
44:36 Arson
45:54 Two-Man Saw
45:03 Bracer
45:03 Padded Archer Armor
45:39 Iron Casting
45:04 Scale Mail Armor
46:18 Arbalester
48:12 Elite Longbowman
49:37 Halberdier
51:17 Yeomen
52:54 Chemistry
chartotu19
12:34 Feudal Age
16:59 Double-Bit Axe
20:02 Horse Collar
24:13 Castle Age
23:47 Wheelbarrow
25:32 Fletching
26:30 Elite Skirmisher
29:38 Pikeman
31:58 Bow Saw
32:09 Bodkin Arrow
32:14 Padded Archer Armor
32:25 Forging
50:28 Imperial Age
apetresc
12:59 Feudal Age
13:57 Man-at-Arms
14:36 Gold Mining
14:35 Double-Bit Axe
17:37 Stone Mining
22:15 Forging
22:45 Wheelbarrow
25:31 Castle Age
24:01 Stone Mining
25:30 Arson
25:58 Scale Mail Armor
26:55 Long Swordsman
27:24 Gambesons
27:39 Squires
29:35 Hand Cart
30:21 Loom
31:59 Gold Shaft Mining
31:32 Scale Barding Armor
32:12 Crossbowman
37:22 Imperial Age
37:17 Bow Saw
38:58 Caravan
42:32 Two-Handed Swordsman
42:43 Elite Throwing Axeman
43:34 Champion
47:20 Onager
yurib
11:12 Feudal Age
11:43 Double-Bit Axe
12:37 Horse Collar
15:48 Wheelbarrow
21:46 Castle Age
21:09 Gold Mining
21:11 Stone Mining
23:27 Hand Cart
23:53 Heavy Plow
24:08 Bow Saw
24:43 Hand Cart
26:44 Stone Shaft Mining
34:07 Loom
39:16 Imperial Age
39:45 Caravan
39:49 Pikeman
40:42 Forging
40:33 Scale Mail Armor
40:39 Scale Barding Armor
40:48 Halberdier
42:05 Iron Casting
43:32 Two-Man Saw
45:41 Blast Furnace
45:23 Chain Mail Armor
45:32 Squires
45:18 Arson
47:28 Chemistry
52:19 Chain Barding Armor
52:32 Plate Mail Armor
Connection lost

Rejoining the realm…

Still unreachable

The connection could not be restored.

Session expired

The server has moved on; the page needs a fresh start.